 Dungeon Sprint DCSS version 0.18-a0-1323-g706dcef (webtiles) character file.

4567 Kidiri the Martial Artist (level 10, -10/89 HPs)
             Began as a Pale Draconian Transmuter on Feb 15, 2016.
             Was the Champion of Qazlal.
             Mangled by a hill giant
             ... wielding a +0 giant spiked club
              (41 damage)
             ... in the Dungeon (Sprint VII: "The Pits").
             The game lasted 00:07:44 (2345 turns).

Kidiri the Martial Artist (DrTm)                    Turns: 2345, Time: 00:07:44

Health: -10/89     AC:  7    Str: 17    XL:     10   Next: 18%
Magic:  15/20      EV: 18    Int: 16    God:    Qazlal [******]
Gold:   0          SH:  8    Dex: 14    Spells: 4 memorised, 10 levels left

rFire  . . .     SeeInvis .       - Unarmed
rCold  . . .     Gourm    .     (armour unavailable)
rNeg   . . .     Faith    .     (shield currently unavailable)
rPois  .         Spirit   .     (helmet restricted)
rElec  .         Dismiss  .     (no cloak)
rCorr  .         Reflect  .     (gloves currently unavailable)
SustAt .         Harm     .     (no boots)
MR     .....     NoTele   +     (no amulet)
Stlth  +.........               b - +3 ring of strength
                                a - +3 ring of intelligence

@: blade hands, repel missiles, not resistant to hostile enchantments, very
unstealthy
A: breathe steam, unfitting armour, cold-blooded, AC +7
a: Breathe Steam, End Transformation, Upheaval, Elemental Force, Disaster Area,
Renounce Religion


You were in the Dungeon.
You worshipped Qazlal.
Qazlal was exalted by your worship.
You were not hungry.
You had blades for hands.
You visited 1 branch

Inventory:

Jewellery
 a - a +3 ring of intelligence (left scythe-like blade)
 b - a +3 ring of strength (right scythe-like blade)
Scrolls
 i - a scroll of blinking
 n - 3 scrolls of remove curse
 o - 5 scrolls of amnesia
 p - a scroll of summoning
Potions
 d - 10 potions of curing
 e - 5 potions of heal wounds
 f - 2 potions of haste
 g - 4 potions of magic
 h - 3 potions of berserk rage
 j - a potion of agility
 m - 2 potions of invisibility
Comestibles
 c - 7 bread rations
 k - 40 fruits
 l - 6 meat rations


   Skills:
 + Level 8.3 Fighting
 * Level 9.8 Dodging
 * Level 10.9 Unarmed Combat
 + Level 7.1 Spellcasting
 * Level 10.7 Transmutations
 + Level 6.9 Ice Magic
 + Level 7.0 Poison Magic
 + Level 8.1 Invocations


You had 10 spell levels left.
You knew the following spells:

 Your Spells              Type           Power        Failure   Level  Hunger
a - Beastly Appendage     Trmt           #####.       10%         1    None
b - Spider Form           Trmt/Pois      ####......   14%         3    ##.....
c - Ice Form              Ice/Trmt       ####....     28%         4    ####...
d - Blade Hands           Trmt           #####.....   32%         5    #####..


Dungeon Overview and Level Annotations

Branches:
Dungeon (1/1)

Altars:
Ashenzari
Cheibriados
Dithmenos
Elyvilon
Fedhas
Gozag
Kikubaaqudgha
Makhleb
Nemelex Xobeh
Okawaru
Pakellas
Qazlal
Ru
Sif Muna
Trog
Vehumet
Xom
Yredelemnul
Zin
The Shining One
Beogh
Jiyva
Lugonu

Annotations:
D Prince Ribbit


Innate Abilities, Weirdness & Mutations

You can breathe blasts of scalding, opaque steam.
Your pale cyan-grey scales are hard (AC +7).
Your body does not fit into most forms of armour.
You are cold-blooded and may be slowed by cold attacks.


Message History

You slash the freezing wraith!
You tail-slap the freezing wraith, but do no damage.
The freezing wraith is moderately damaged.
A hill giant opens the door.
The fire bat closely misses you. The freezing wraith barely misses you.
The freezing wraith misses you.
A great orb of eyes comes into view.
You slash the freezing wraith!
The freezing wraith is heavily damaged.
You hear an angry hiss.
The fire bat bites you but does no damage. x2
The freezing wraith closely misses you. x2
A jumping spider comes into view.
You slice the freezing wraith!!
You destroy the freezing wraith!
Qazlal accepts your kill.
Your Poison Magic skill increases to level 7!
You block the fire bat's attack.
The jumping spider leaps!
The fire bat bites you.
You are engulfed in flames.
The hill giant hits you with a giant spiked club!!!
You die...

...............+
...............+
.....#..#......#
...............#
##+#####''######
..§...##''#########
......##......#.§.+
......##....###.§b###
..<...##...##.+.@.'.#
......##..##..##C##..#
......##..#(.##§G. .+
......##..#(.#.....
########..'..+.....'
########..#..#.....#.
.#.§[[##..#%)##...##§.
.#..[[##..##..##+## ##
.+§.))##...##.+...+


You could see a great orb of eyes, a hill giant and a fire bat.

Vanquished Creatures
  A death yak (D)
  A shadow wraith (D)
  An unseen horror (D)
  2 molten gargoyles (D)
  Psyche (D)
  A freezing wraith (D)
  A blink frog (D)
  6 wolves (D)
  A swamp drake (D)
  A phantom (D)
  2 ice beasts (D)
  A black bear (D)
  A centaur (D)
  A necrophage (D)
  A big kobold (D)
  A quasit (D)
  A jelly (D)
  2 worker ants (D)
  A mummy (D)
  2 adders (D)
  An ooze (D)
  A worm (D)
  2 giant geckos (D)
  A goblin (D)
  2 hobgoblins (D)
  A ball python (D)
  2 giant newts (D)
39 creatures vanquished.

Notes
Turn   | Place    | Note
--------------------------------------------------------------
     0 | D        | Kidiri the Draconian Transmuter began the quest for the Orb.
     0 | D        | Reached XP level 1. HP: 16/16 MP: 3/3
    43 | D        | Found a sacrificial altar of Ru.
    43 | D        | Found a basalt altar of Yredelemnul.
    43 | D        | Found a shadowy altar of Dithmenos.
    43 | D        | Found a deep blue altar of Sif Muna.
    43 | D        | Found a burning altar of Makhleb.
    43 | D        | Found a shimmering altar of Xom.
    43 | D        | Found an ancient bone altar of Kikubaaqudgha.
    43 | D        | Found a sparkling altar of Nemelex Xobeh.
    44 | D        | Found a glowing golden altar of the Shining One.
    44 | D        | Found a bloodstained altar of Trog.
    44 | D        | Found a shattered altar of Ashenzari.
    44 | D        | Found a white marble altar of Elyvilon.
    44 | D        | Found a snail-covered altar of Cheibriados.
    44 | D        | Found a blossoming altar of Fedhas.
    44 | D        | Found a radiant altar of Vehumet.
    44 | D        | Found a glowing silver altar of Zin.
    44 | D        | Found a corrupted altar of Lugonu.
    44 | D        | Found a viscous altar of Jiyva.
    44 | D        | Found a roughly hewn altar of Beogh.
    44 | D        | Found an iron altar of Okawaru.
    45 | D        | Found an oddly glowing altar of Pakellas.
    50 | D        | Found a stormy altar of Qazlal.
    50 | D        | Found an opulent altar of Gozag.
    54 | D        | Became a worshipper of Qazlal Stormbringer
    88 | D        | Reached skill level 1 in Invocations
    88 | D        | Reached XP level 2. HP: 8/24 MP: 3/5
   310 | D        | Reached * piety under Qazlal
   310 | D        | Reached skill level 4 in Unarmed Combat
   310 | D        | Reached XP level 3. HP: 19/30 MP: 4/6
   494 | D        | Learned a level 3 spell: Spider Form
   502 | D        | Reached ** piety under Qazlal
   526 | D        | Reached skill level 1 in Poison Magic
   526 | D        | Reached XP level 4. HP: 19/37 MP: 2/8
   744 | D        | Learned a level 4 spell: Ice Form
   746 | D        | Noticed a centaur
   746 | D        | Noticed a necrophage
   747 | D        | Noticed Prince Ribbit
   764 | D        | Killed a necrophage
   764 | D        | Reached skill level 5 in Unarmed Combat
   764 | D        | Reached skill level 5 in Transmutations
   764 | D        | Reached skill level 1 in Ice Magic
   764 | D        | Reached XP level 5. HP: 42/45 MP: 4/10
   768 | D        | Killed a centaur
   768 | D        | Reached *** piety under Qazlal
   768 | D        | Reached skill level 5 in Dodging
   768 | D        | Reached skill level 6 in Unarmed Combat
   774 | D        | Reached XP level 6. HP: 48/52 MP: 4/12
   883 | D        | Learned a level 5 spell: Blade Hands
   905 | D        | Noticed a blink frog
   911 | D        | Killed a blink frog
   911 | D        | Reached **** piety under Qazlal
   911 | D        | Reached skill level 5 in Fighting
   911 | D        | Reached skill level 7 in Unarmed Combat
   911 | D        | Reached XP level 7. HP: 27/61 MP: 11/13
   911 | D        | Your scales start taking on a pale cyan-grey colour.
  1213 | D        | Reached skill level 5 in Invocations
  1227 | D        | Reached ***** piety under Qazlal
  1347 | D        | Noticed a molten gargoyle
  1357 | D        | Reached skill level 8 in Unarmed Combat
  1357 | D        | Reached skill level 5 in Spellcasting
  1361 | D        | Killed a molten gargoyle
  1361 | D        | Reached XP level 8. HP: 33/70 MP: 10/16
  1700 | D        | Reached skill level 5 in Poison Magic
  1704 | D        | Reached skill level 9 in Unarmed Combat
  1704 | D        | Reached skill level 5 in Ice Magic
  1756 | D        | Noticed a molten gargoyle
  1784 | D        | Killed a molten gargoyle
  1784 | D        | Reached XP level 9. HP: 17/79 MP: 12/18
  2113 | D        | Killed an unseen horror
  2113 | D        | Reached ****** piety under Qazlal
  2113 | D        | Reached skill level 10 in Unarmed Combat
  2254 | D        | Noticed a death yak
  2256 | D        | Killed a death yak
  2256 | D        | Reached skill level 10 in Transmutations
  2274 | D        | Killed a shadow wraith
  2274 | D        | Reached XP level 10. HP: 22/88 MP: 16/20
  2277 | D        | Noticed Psyche
  2286 | D        | Killed Psyche
  2344 | D        | Noticed a great orb of eyes
  2344 | D        | Noticed a hill giant
  2345 | D        | Mangled by a hill giant

Vault maps used:
D:        pitsprint

Action                   |  1- 3 |  4- 6 |  7- 9 | 10-12 || total
-------------------------+-------+-------+-------+-------++-------
Melee: Unarmed           |    51 |    29 |    82 |    12 ||   174
 Cast: Beastly Appendage |     5 |       |       |       ||     5
       Spider Form       |     2 |     2 |       |       ||     4
       Ice Form          |       |     1 |     1 |       ||     2
       Blade Hands       |       |       |     6 |     2 ||     8
  Use: Potion            |     1 |     1 |     1 |     1 ||     4
 Stab: Sleeping          |     1 |       |       |       ||     1
  Eat: Bread ration      |       |     1 |       |       ||     1
       Chunk             |       |       |     2 |       ||     2
       Meat ration       |       |       |     1 |       ||     1
